 Dungeon Crawl Stone Soup version 0.32-a0-834-geaf45d8e21 (webtiles) character file.

Game seed: 13730527700333714029

63 tilp the Vexing (level 3, 0/20 HPs)
             Began as a Vampire Enchanter on Mar 25, 2024.
             Slain by an ogre
             ... wielding a +0 giant club
              (20 damage)
             ... on level 4 of the Dungeon.
             The game lasted 00:03:00 (1581 turns).

tilp the Vexing (Vampire Enchanter)                 Turns: 1581, Time: 00:03:01

Health: 0/20       AC:  3    Str:  7    XL:     3   Next: 89%
Magic:  0/6        EV: 11    Int: 19    God:
Gold:   70         SH:  0    Dex: 14    Spells: 1/6 levels left

rFire   . . .        a - +1 dagger
rCold   + + .        (no shield)
rNeg    + + +        b - +1 robe
rPois   ∞            (no helmet)
rElec   .            (no cloak)
rCorr   .            (no gloves)
SInv    +            (no boots)
Will    .....        (no amulet)
Stlth   +++++        (no ring)
HPRegen 0.00/turn    (no ring)
MPRegen 0.10/turn

%: no passive effects
@: bloodless, inhibited regen
A: bloodless, fangs 3, see invisible, vampiric 2
a: Bat Form, Revivify


You were on level 4 of the Dungeon.
You visited 1 branch of the dungeon, and saw 3 of its levels.

You collected 70 gold pieces.

Inventory:

Hand Weapons
 a - a +1 dagger (weapon)
Missiles
 f - 6 poisoned darts (quivered)
 h - 4 javelins
Armour
 b - a +1 robe (worn)
Magical Staves
 g - a staff of earth
Jewellery
 m - a ring of flight
Scrolls
 d - a scroll of butterflies {unknown}
 j - a scroll of acquirement {unknown}
 l - a scroll of blinking {unknown}
Potions
 c - a potion of invisibility
 e - 3 potions of mutation
 i - 3 potions of lignification
 k - a potion of curing {unknown}


   Skills:
 * Level 1.2 Fighting
 + Level 1.4(1.8) Short Blades
 * Level 1.2(1.5) Long Blades
 + Level 0.3 Armour
 + Level 2.6 Dodging
 + Level 4.5 Stealth
 + Level 0.6 Shields
 + Level 2.1 Spellcasting
 * Level 4.8 Hexes
 + Level 0.4 Evocations


You had one spell level left.
You knew the following spells:

 Your Spells              Type           Power      Damage    Failure   Level
a - Ensorcelled Hibernat  Hex/Ice        22%        N/A       10%         2
b - Confusing Touch       Hex            20%        N/A       7%          3

Your spell library contained the following spells:

 Spells                   Type           Power      Damage    Failure   Level
 Kiss of Death            Conj/Necr      4%         2d5       17%         1
 Tukima's Dance           Hex            20%        N/A       7%          3
 Dazzling Flash           Conj/Hex       22%        N/A       19%         3
 Dispel Undead            Necr           1%         3d6       86%         4


Dungeon Overview and Level Annotations

Branches:
Dungeon (4/15)
 Temple: D:4-7

Altars:


Innate Abilities, Weirdness & Mutations

You do not regenerate when monsters are visible.
You are frail without blood (-20% HP).
You can heal yourself when you bite living creatures.
You are immune to poison.
You have razor-sharp teeth.
You have supernaturally acute eyesight. (SInv)
You are afflicted with vampirism and can become a bat while bloodless.


Message History

Casting: Ensorcelled Hibernation (safe; 10% risk of failure)
Confirm with . or Enter, or press ? or * to list all spells.
Aiming: Ensorcelled Hibernation (safe; 10% risk of failure)
Press: ? - help, Shift-Dir - straight line, f/p - ogre
Aim: an ogre, wielding a +0 giant club (chance to affect: 45%)
The ogre resists with some effort.
Unknown command.
Casting: Ensorcelled Hibernation (safe; 10% risk of failure)
Confirm with . or Enter, or press ? or * to list all spells.
Aiming: Ensorcelled Hibernation (safe; 10% risk of failure)
Press: ? - help, Shift-Dir - straight line, f/p - ogre
Aim: an ogre, wielding a +0 giant club (chance to affect: 45%)
The ogre resists with some effort.
Unknown command.
Your magical contamination has completely faded away.
Found 2 gold pieces.
Found 4 stones.
An adder comes into view.
The adder moves out of view.
Casting: Ensorcelled Hibernation (safe; 10% risk of failure)
Confirm with . or Enter, or press ? or * to list all spells.
Aiming: Ensorcelled Hibernation (safe; 10% risk of failure)
Press: ? - help, Shift-Dir - straight line, f/p - ogre
Aim: an ogre, wielding a +0 giant club (chance to affect: 45%)
The ogre looks drowsy...
Unknown command.
The helpless ogre fails to defend itself.
You bite the ogre, and draw its blood! You impale the ogre!!
Your bite misses the ogre.
The ogre is almost dead.
Unknown command.
The adder hisses angrily.
You hit the ogre but do no damage.
The ogre is almost dead.
The ogre completely misses you.
You hit the ogre.
The ogre is almost dead.
The ogre hits you with a +0 giant club!!
Ouch! That really hurt!
You die...

##....## #..#
##......####..#
#............#
............#
............#
#......$.#
#.S......#
#..O###..##
#.@## #...#
#..# ##..# #.##
#..# #. #..#
##. #..# #)#
#..# .# #.#
#..# #.## ##.##
##..#
#..##...###...#


You could see an ogre and an adder.

Vanquished Creatures
  A jelly (D:4)
  An adder (D:4)
  An endoplasm (D:1)
  2 giant cockroaches (D:1)
  3 goblins (D:1)
  4 hobgoblins
  A quokka (D:2)
  3 ball pythons (D:1)
  5 bats
  2 frilled lizards
  A kobold (D:4)
  A rat (D:1)
25 creatures vanquished.

Notes
Turn   | Place    | Note
-------+----------+-------------------------------------------
     0 | D:1      | tilp the Vampire Enchanter began the quest for the Orb.
     0 | D:1      | Reached XP level 1. HP: 13/13 MP: 3/3
   358 | D:1      | Reached XP level 2. HP: 19/20 MP: 5/5
   520 | D:1      | Learned a level 2 spell: Ensorcelled Hibernation
  1361 | D:2      | You fall into a shaft and drop 2 floors!
  1421 | D:4      | Reached skill level 1 in Fighting
  1421 | D:4      | Reached skill level 1 in Long Blades
  1421 | D:4      | Gained mutation: You are afflicted with vampirism and can
                  | become a bat while bloodless. [Vampire growth]
  1421 | D:4      | Reached XP level 3. HP: 20/20 MP: 3/6
  1426 | D:4      | Learned a level 3 spell: Confusing Touch
  1446 | D:4      | Noticed an ogre
  1581 | D:4      | Slain by an ogre

Illustrated notes

Levels and vault maps discovered:
D:1:      lemuel_arrival_lava_pool, layout_loops_corners
D:2:      layout_basic, serial_shops, shop, serial_glass, glass_columns_b,
          glass_columns_b, glass_columns_c, glass_columns_b, glass_columns_c,
          glass_columns_a
D:4:      layout_layer_cave, nemelex_xobeh_ov_fountains_minmay, uniq_duvessa

Skill      XL: |  1  2 |
---------------+-------+-----
Fighting       | 1 |  1.2
Long Blades    | 1 |  1.2
Short Blades   | |  1.4
Armour         | |  0.3
Dodging        | |  2.6
Stealth        | |  4.5
Shields        | |  0.6
Spellcasting   | |  2.1
Hexes          | |  4.8
Evocations     | |  0.4

Action                     || total
---------------------------++-------
  Melee: Dagger            ||    44
         Bite              ||     2
   Cast: Ensorcelled Hiber ||    15
Ability: Exsanguinate      ||     1
    Use: Scroll            ||     5
         Potion            ||     3
   Stab: Sleeping          ||    20
         Invisible         ||     1
 Armour: Robe              ||    38
  Dodge: Dodged            ||    21

Table legend: (Time is in decaauts)
 A = Elapsed time spent in this place.
 B = Non-inter-level travel time spent in this place.
 C = Inter-level travel time spent in this place.
 D = Time resting spent in this place.
 E = Time spent auto-exploring this place.
 F = Levels seen in this place.
 G = Mean time per level.
                   A        B        C        D        E       F      G
               +--------+--------+--------+--------+--------+-----+--------+
         Total |   1577 |   1491 |     86 |    189 |    947 |   3 |  525.7 |
       Dungeon |   1577 |   1491 |     86 |    189 |    947 |   3 |  525.7 |
               +--------+--------+--------+--------+--------+-----+--------+

Top non-repeatable levels by time:
     D:1: 1184 daAuts
     D:4: 219 daAuts
     D:2: 174 daAuts
